 Dungeon Crawl Stone Soup version 0.19.5 (webtiles) character file.

1062 tilp the Cudgeler (level 8, -9/78 HPs)
             Began as a Troll Berserker on Mar 23, 2017.
             Was a Priest of Trog.
             Mangled by a troll (12 damage)
             ... on level 6 of the Dungeon.
             The game lasted 00:15:29 (3734 turns).

tilp the Cudgeler (Troll Berserker)                 Turns: 3734, Time: 00:15:30

Health: -9/78      AC:  5    Str: 27    XL:     8   Next: 6%
Magic:  7/7        EV: 11    Int:  4    God:    Trog [***...]
Gold:   293        SH:  0    Dex:  9    Spells: 0 memorised, 7 levels left

rFire  . . .     SeeInvis .     a - +0 mace
rCold  . . .     Gourm    +     b - +0 animal skin
rNeg   . . .     Faith    .     (no shield)
rPois  .         Spirit   .     (helmet restricted)
rElec  .         Reflect  .     (no cloak)
rCorr  .         Harm     .     (gloves unavailable)
MR     .....                    (boots unavailable)
Stlth  +.........               (no amulet)
                                (no ring)
                                (no ring)

@: no status effects
A: unfitting armour, claws 3, fast metabolism 3, gourmand, regeneration 1,
shaggy fur 1, tough skin 2
a: Berserk, Trog's Hand, Burn Spellbooks, Renounce Religion


You were on level 6 of the Dungeon.
You worshipped Trog.
Trog was most pleased with you.
You were not hungry.

You visited 1 branch of the dungeon, and saw 6 of its levels.

You collected 293 gold pieces.

Inventory:

Hand Weapons
 a - a +0 mace (weapon)
Armour
 b - a +0 animal skin (worn)
Jewellery
 i - an uncursed ring of positive energy
Wands
 e - a wand of flame (30/48)
Scrolls
 d - a scroll of enchant weapon {unknown}
 h - a scroll of remove curse {unknown}
 j - a scroll of amnesia {unknown}
 l - 2 scrolls of fog
 n - a scroll of identify
 q - a scroll of magic mapping
 t - a scroll of immolation {unknown}
 u - a scroll of blinking
 x - a scroll of teleportation {unknown}
Potions
 g - a potion of cancellation {unknown}
 k - a potion of lignification {unknown}
 m - a potion of flight {unknown}
 o - a potion of magic {unknown}
 p - a potion of heal wounds
 s - a potion of agility {unknown}
 v - a potion of curing {unknown}
 w - a potion of degeneration {unknown}
 z - a potion of mutation {unknown}
Comestibles
 c - 3 bread rations
 f - 2 royal jellies


   Skills:
 + Level 3.9 Fighting
 + Level 6.8 Maces & Flails
 + Level 4.9 Dodging
 + Level 0.5 Stealth


You had 7 spell levels left.
You didn't know any spells.

Dungeon Overview and Level Annotations

Branches:
Dungeon (6/15)
 Temple: D:4-7

Altars:
Dithmenos
Elyvilon
Gozag
Makhleb
Nemelex Xobeh
Uskayaw


Innate Abilities, Weirdness & Mutations

You are too large for most types of armour.
You have claws for hands.
Your metabolism is lightning-fast.
You like to eat raw meat.
Your natural rate of healing is unusually fast.
You are covered in fur. (AC +1)
You have very tough skin. (AC +2)


Message History

The troll claws you!
You hit the troll.
The troll is heavily wounded.
The troll bites you but does no damage. The troll claws you! x2
You barely miss the troll.
The troll is heavily wounded.
The troll barely misses you. The troll claws you! The troll closely misses you.
You sock the troll!
The troll is severely wounded.
The troll bites you. The troll claws you!
* * * LOW HITPOINT WARNING * * *
The troll closely misses you.
You closely miss the troll.
The troll is severely wounded.
The troll bites you.
* * * LOW HITPOINT WARNING * * *
The troll claws you!
* * * LOW HITPOINT WARNING * * *
The troll claws you!
You die...

### ### ..### #### ###
#.. ....## ##..# #.##
##.# ...#.###..##
##.###.# ....#.....#
##.@Tl.#
..........####..##..##
##
...............####..###
... ..............##
##...## #..(
..............# ##...##
##... ..>...........#
#....####....
..........##>...
##......#....
.....#..#####....
#.........# .#####..#
##.... ##........#


You could see a troll and an iguana.

Vanquished Creatures
  A water moccasin (D:5)
  A sky beast (D:4)
  4 ogres
  A crimson imp (D:5)
  A centaur skeleton (D:4)
  2 bullfrog skeletons (D:5)
  3 hounds
  A jelly (D:5)
  An iguana (D:5)
  5 worker ants
  A hound zombie (D:6)
  A hound skeleton (D:4)
  6 adders
  An ooze (D:5)
  An adder zombie (D:5)
  2 adder skeletons (D:4)
  A worm (D:2)
  A dart slug (D:2)
  A leopard gecko (D:4)
  An orc (D:4)
  7 bats
  2 giant cockroaches
  9 goblins
  4 hobgoblins
  2 jackals (D:1)
  4 kobolds
  3 quokkas
  3 frilled lizards
  4 rats
74 creatures vanquished.

Notes
Turn   | Place    | Note
-------+----------+-------------------------------------------
     0 | D:1      | tilp the Troll Berserker began the quest for the Orb.
     0 | D:1      | Reached XP level 1. HP: 22/22 MP: 0/0
   185 | D:1      | Reached XP level 2. HP: 29/29 MP: 1/1
   211 | D:1      | Reached skill level 3 in Maces & Flails
   324 | D:1      | Reached ** piety under Trog
   717 | D:2      | Reached XP level 3. HP: 12/36 MP: 2/2
   782 | D:2      | Found a white marble altar of Elyvilon.
  1465 | D:3      | Reached XP level 4. HP: 29/44 MP: 3/3
  1618 | D:3      | Found a sparkling altar of Nemelex Xobeh.
  1619 | D:3      | Found an opulent altar of Gozag.
  1737 | D:3      | Found a burning altar of Makhleb.
  1927 | D:4      | Reached skill level 4 in Maces & Flails
  1927 | D:4      | Reached XP level 5. HP: 44/52 MP: 4/4
  2258 | D:4      | Noticed an ogre
  2263 | D:4      | Killed an ogre
  2263 | D:4      | Reached XP level 6. HP: 61/61 MP: 5/5
  2340 | D:4      | Noticed a sky beast
  2367 | D:4      | Killed a sky beast
  2367 | D:4      | Reached skill level 5 in Maces & Flails
  2390 | D:4      | Reached *** piety under Trog
  2713 | D:5      | Entered Level 5 of the Dungeon
  2734 | D:5      | Reached XP level 7. HP: 38/67 MP: 6/6
  3010 | D:5      | Found a hide-covered altar of Uskayaw.
  3135 | D:5      | Reached skill level 6 in Maces & Flails
  3392 | D:5      | Found a shadowy altar of Dithmenos.
  3484 | D:5      | Reached XP level 8. HP: 55/78 MP: 7/7
  3698 | D:6      | Noticed a troll
  3734 | D:6      | HP: 3/78 [troll (11)]
  3734 | D:6      | Mangled by a troll

Skill      XL: |  1  2  3  4  5  6  7 |
---------------+----------------------+-----
Maces & Flails | 3 4 5 6 |  6.8
Dodging        | 3 4 |  4.9
Fighting       | 3 |  3.9
Stealth        | |  0.5

Action                   |  1- 3 |  4- 6 |  7- 9 || total
-------------------------+-------+-------+-------++-------
Melee: Mace              |   117 |   125 |   133 ||   375
Invok: Berserk           |     1 |     3 |       ||     4
  Use: Scroll            |       |       |     6 ||     6
       Potion            |       |       |     1 ||     1
  Eat: Chunk             |    16 |    11 |     4 ||    31
       Pizza             |     1 |       |       ||     1
       Bread ration      |       |       |     1 ||     1
       Beef jerky        |       |       |     1 ||     1
Armor: Animal skin       |    58 |    42 |    27 ||   127
Dodge: Dodged            |    79 |    70 |    79 ||   228
